 Dungeon Crawl Stone Soup version 0.21.1-1-g345015fe64 (webtiles) character file.

16461 Kohma the Protected (level 12, 0/76 HPs)
             Began as a Gargoyle Fighter on June 16, 2018.
             Was a Priest of Trog.
             Killed from afar by a gargoyle (11 damage)
             ... with a stone arrow
             ... on level 13 of the Dungeon.
             The game lasted 00:51:23 (12833 turns).

Kohma the Protected (Gargoyle Fighter)             Turns: 12833, Time: 00:51:23

Health: 0/76       AC: 32    Str: 25    XL:     12   Next: 37%
Magic:  16/16      EV:  6    Int:  3    God:    Trog [***...]
Gold:   553        SH: 11    Dex: 12    Spells: 11/11 levels left

rFire    . . .     SeeInvis +   H - +8 flail of Wrath {flame, rElec rC++ rN+ Int-5 Dex+2}
rCold    + + +     Gourm    .   c - +0 shield
rNeg     + + +     Faith    +   O - +0 plate armour
rPois    ∞         Spirit   .   s - +2 helmet {SInv}
rElec    +         Reflect  .   h - +2 cloak
rCorr    .         Harm     .   t - +1 pair of gloves
MR       .....                  (no boots)
Stlth    ..........             F - amulet of faith
HPRegen  0.22/turn              W - ring of protection from cold
MPRegen  0.15/turn              l - ring of positive energy

@: heavily drained
A: negative energy resistance 1, electricity resistance, unbreathing,
petrification resistance, rot immunity, AC +8
a: Berserk, Trog's Hand, Burn Spellbooks, Renounce Religion


You were on level 13 of the Dungeon.
You worshipped Trog.
Trog was most pleased with you.
You were hungry.

You visited 2 branches of the dungeon, and saw 14 of its levels.

You collected 747 gold pieces.
You spent 194 gold pieces at shops.

Inventory:

Hand Weapons
 B - a +3 battleaxe
 H - the +8 flail of Wrath (weapon) {flame, rElec rC++ rN+ Int-5 Dex+2}
   (You acquired it on level 9 of the Dungeon)

   It has been specially enchanted to burn those struck by it, causing extra
   injury to most foes and up to half again as much damage against particularly
   susceptible opponents.
   It affects your intelligence (-5).
   It affects your dexterity (+2).
   It greatly protects you from cold.
   It insulates you from electricity.
   It protects you from negative energy.
 N - a +3 hand crossbow of flaming
Missiles
 m - an exploding tomahawk
 A - 3 tomahawks (quivered)
 K - 8 javelins
Armour
 c - a +0 shield (worn)
 h - a +2 cloak (worn)
 s - a +2 helmet of see invisible (worn)
 t - a +1 pair of gloves (worn)
 O - a +0 plate armour (worn)
Jewellery
 k - an uncursed amulet of magic regeneration
 l - a ring of positive energy (right hand)
 F - an amulet of faith (around neck)
 V - an uncursed amulet of the gourmand
 W - a ring of protection from cold (left hand)
Wands
 n - a wand of enslavement (21)
 w - a wand of iceblast (11)
 z - a wand of acid (10)
 L - a wand of random effects (47)
 Q - a wand of flame (13)
Scrolls
 i - a scroll of blinking
 o - 5 scrolls of teleportation
 u - 3 scrolls of fear
 G - 2 scrolls of magic mapping
 I - 4 scrolls of remove curse
 P - 2 scrolls of fog
 T - a scroll of enchant weapon
Potions
 d - a potion of might
 e - a potion of heal wounds
 g - 5 potions of curing
 j - 2 potions of resistance
 p - 2 potions of lignification
 q - 3 potions of invisibility
 r - 2 potions of flight
 v - 2 potions of berserk rage
 x - a potion of cancellation
 C - a potion of magic {unknown}
 D - 3 potions of haste
 E - a potion of brilliance {unknown}
Miscellaneous
 J - a sack of spiders
Comestibles
 f - 16 rations
 S - 7 chunks of flesh


   Skills:
 + Level 9.0(7.1) Fighting
 * Level 10.9(8.8) Maces & Flails
 * Level 11.9(9.8) Armour
 + Level 9.1(7.2) Shields
 + Level 6.5(4.7) Evocations


You had 11 spell levels left.
You didn't know any spells.

Dungeon Overview and Level Annotations

Branches:
Dungeon (13/15)            Temple (1/1) D:5            Lair (0/6) D:11
    Orc (0/2) D:12
 Vaults: D:13-14

Altars:
Ashenzari
Cheibriados
Dithmenos
Elyvilon
Fedhas
Gozag
Hepliaklqana
Kikubaaqudgha
Makhleb
Nemelex Xobeh
Okawaru
Qazlal
Ru
Sif Muna
Trog
Uskayaw
Vehumet
Wu Jian
Xom
Yredelemnul
Zin
The Shining One

Shops:
D:6 !}?[(   D:12 (

Annotations:
D:9 Henning's ghost, novice TrAK


Innate Abilities, Weirdness & Mutations

You are resistant to torment.
Your stone body is resilient. (AC +8)
You are immune to poison.
You resist negative energy. (rN+)
You are resistant to electric shocks. (rElec)
You can survive without breathing.
You are immune to petrification.
You are immune to rotting.


Message History

The gargoyle hits you but does no damage.
You sock the gargoyle! You burn the gargoyle.
The gargoyle is heavily damaged.
The gargoyle closely misses you.
You hit the gargoyle. You burn the gargoyle.
The gargoyle is heavily damaged.
The gargoyle hurls a stone arrow at you.
You block the stone arrow.
You sock the gargoyle! You burn the gargoyle.
The gargoyle is almost destroyed.
The gargoyle hurls a stone arrow at you.
The stone arrow hits you!
* * * LOW HITPOINT WARNING * * *
You hit the gargoyle but do no damage.
The gargoyle is almost destroyed.
The gargoyle hurls a stone arrow at you.
You block the stone arrow.
The gargoyle hurls a stone arrow at you.
The stone arrow hits you!
You die...

.# #.##.# ###. (# #.#..# .
(#######.#..# # )...##...#..#
##. ...)#..##... #.. [# #
..........### #<# .# $#
#>....#.....## #.# #.##.#####
........)....###.#####.........#
................@.............$.
...........(.....###..........#
...............#.9............#
...............####.C.........#
....(..........# ###.........#
...............# #.(<......#
.............#.# ####..#....
#..............# ##.### #
#..#########...# #...#####


You could see a gargoyle.

Vanquished Creatures
  The ghost of P0WERM0DE the Cleaver, a journeyman DsFi of Makhleb (D:11)
  A centaur warrior (D:13)
  3 two-headed ogres
  A deep elf knight (D:11)
  An unseen horror (D:12)
  An ugly thing (D:12)
  A manticore (D:13)
  A centaur zombie (D:11)
  Joseph (D:10)
  A komodo dragon (D:11)
  A troll (D:11)
  Prince Ribbit (D:7)
  A queen bee (D:11)
  The ghost of Sapher the Grave Robber, an amateur GnNe of Makhleb (D:7)
  4 hippogriffs (D:9)
  16 yaks
  A basilisk (D:9)
  4 vampire mosquitoes (D:12)
  6 ice beasts
  4 sky beasts
  5 orc warriors
  4 ogres
  2 phantoms
  3 centaurs
  A crocodile (D:11)
  2 big kobolds
  Blork the orc (D:6)
  7 bullfrogs
  A water moccasin zombie (D:8)
  4 scorpions
  A wyvern skeleton (D:7)
  26 killer bees
  3 wights (D:11)
  6 crimson imps
  2 bullfrog zombies
  5 hounds
  3 orc priests
  A jelly (D:10)
  2 orc wizards
  2 iguanas
  4 bullfrog skeletons
  A centaur skeleton (D:5)
  12 worker ants
  2 hound skeletons
  The ghost of Sapher the Grave Robber, a weakling VSNe of Cheibriados (D:4)
  A gnoll (D:6)
  14 adders
  An ooze (D:3)
  2 adder zombies
  An adder skeleton (D:7)
  4 worms
  4 leopard geckos
  17 orcs
  7 bats
  3 giant cockroaches
  8 goblins
  8 hobgoblins
  8 jackals
  8 quokkas
  A ball python (D:1)
  4 frilled lizards
  9 kobolds
  A quokka skeleton (D:4)
  7 rats
260 creatures vanquished.

Notes
Turn   | Place    | Note
-------+----------+-------------------------------------------
     0 | D:1      | Kohma the Gargoyle Fighter began the quest for the Orb.
     0 | D:1      | Reached XP level 1. HP: 14/14 MP: 1/1
   335 | D:1      | Reached XP level 2. HP: 14/19 MP: 2/2
   754 | D:2      | Reached XP level 3. HP: 16/23 MP: 3/3
  1908 | D:3      | Found a blossoming altar of Fedhas.
  1917 | D:3      | Reached skill level 4 in Armour
  1917 | D:3      | Reached XP level 4. HP: 25/29 MP: 4/4
  2081 | D:3      | Found a faded altar of an unknown god.
  2239 | D:3      | Found a shimmering altar of Xom.
  2269 | D:3      | Reached XP level 5. HP: 30/33 MP: 5/5
  2810 | D:4      | Reached XP level 6. HP: 38/38 MP: 6/6
  2835 | D:4      | Reached skill level 5 in Armour
  3064 | D:4      | Noticed Sapher's ghost (weakling VSNe)
  3079 | D:4      | Killed Sapher's ghost
  3242 | D:4      | Noticed a phantom
  3317 | D:4      | Killed a phantom
  3317 | D:4      | Reached skill level 1 in Evocations
  3419 | D:4      | Reached XP level 7. HP: 37/44 MP: 7/7
  3617 | D:5      | Entered Level 5 of the Dungeon
  4323 | D:5      | Found a staircase to the Ecumenical Temple.
  4370 | Temple   | Entered the Ecumenical Temple
  5269 | D:6      | Found Taapafas's Gadget Shop.
  5301 | D:6      | Noticed Blork the orc
  5311 | D:6      | Killed Blork the orc
  5311 | D:6      | Reached skill level 5 in Maces & Flails
  5311 | D:6      | Reached skill level 6 in Armour
  5477 | D:6      | Found Lana's Weapon Boutique.
  5504 | D:6      | Found a glowing silver altar of Zin.
  5557 | D:6      | Reached skill level 5 in Fighting
  5557 | D:6      | Reached skill level 5 in Shields
  5557 | D:6      | Reached XP level 8. HP: 49/49 MP: 9/9
  5618 | D:6      | Found Yllei's Armour Shop.
  5634 | D:6      | Bought a +0 helmet of see invisible for 161 gold pieces
  5650 | D:6      | Found Tiranam's Magic Scroll Shoppe.
  5665 | D:6      | Found a bloodstained altar of Trog.
  5673 | D:6      | Found an iron altar of Okawaru.
  5683 | D:6      | Became a worshipper of Trog the Wrathful
  5733 | D:6      | Found Firech's Distillery.
  5736 | D:6      | Bought a potion of curing for 33 gold pieces
  6116 | D:7      | Noticed Prince Ribbit
  6363 | D:7      | Noticed Sapher's ghost (amateur GnNe)
  6427 | D:8      | Noticed a two-headed ogre
  6454 | D:8      | Killed a two-headed ogre
  6454 | D:8      | Reached skill level 7 in Armour
  6454 | D:8      | Reached XP level 9. HP: 26/55 MP: 9/11
  6829 | D:8      | Reached skill level 8 in Armour
  6942 | D:8      | Identified the Reference Book on Blistering Bewitchment
  6948 | D:8      | Reached * piety under Trog
  7769 | D:9      | Reached XP level 10. HP: 55/61 MP: 13/13
  7884 | D:9      | Noticed Henning's ghost (novice TrAK)
  7976 | D:9      | Reached skill level 9 in Armour
  8117 | D:9      | Identified a scroll of acquirement
  8120 | D:9      | Got a polished flail
  8121 | D:9      | Identified the +8 flail of Wrath {flame, rElec rC++ rN+ Int-5 Dex+2} (You acquired it on level 9 of the Dungeon)
  8807 | D:10     | Entered Level 10 of the Dungeon
  9104 | D:10     | Noticed Joseph
  9209 | D:10     | Killed Joseph
  9388 | D:10     | Reached ** piety under Trog
  9977 | D:7      | Killed Prince Ribbit
 10060 | D:7      | Killed Sapher's ghost
 10471 | D:11     | Reached skill level 10 in Armour
 10478 | D:11     | Reached skill level 5 in Evocations
 10508 | D:11     | Reached XP level 11. HP: 47/67 MP: 14/14
 10563 | D:11     | Reached *** piety under Trog
 10666 | D:11     | Found a staircase to the Lair.
 10719 | D:11     | Noticed P0WERM0DE's ghost (journeyman DsFi)
 10793 | D:11     | Killed P0WERM0DE's ghost
 11265 | D:11     | Noticed a two-headed ogre
 11271 | D:11     | Killed a two-headed ogre
 11283 | D:11     | Noticed a deep elf knight
 11295 | D:11     | Killed a deep elf knight
 11295 | D:11     | Reached skill level 10 in Maces & Flails
 11295 | D:11     | Reached skill level 11 in Armour
 11299 | D:11     | Reached **** piety under Trog
 11625 | D:12     | Noticed a green ugly thing
 11636 | D:12     | Killed a green ugly thing
 11716 | D:12     | Found a staircase to the Orcish Mines.
 11717 | D:12     | Found Xoen's Weapon Emporium.
 11717 | D:12     | Noticed a two-headed ogre
 11728 | D:12     | Killed a two-headed ogre
 12020 | D:12     | Noticed an unseen horror
 12024 | D:12     | Killed an unseen horror
 12024 | D:12     | Reached XP level 12. HP: 69/75 MP: 16/16
 12534 | D:13     | Noticed a centaur warrior
 12550 | D:13     | Reached ***** piety under Trog
 12569 | D:13     | Killed a centaur warrior
 12833 | D:13     | Killed from afar by a gargoyle

Skill      XL: |  1  2  3  4  5  6  7  8  9 10 11 12 |
---------------+-------------------------------------+-----
Armour         | 4 5 6 7 8 10 11 | 11.9
Maces & Flails | 3 4 5 6 7 9 10 | 10.9
Fighting       | 4 5 6 7 8 9 |  9.0
Shields        | 4 5 6 7 8 9 |  9.1
Evocations     | 1 3 4 5 6 |  6.5

Action                   |  1- 3 |  4- 6 |  7- 9 | 10-12 || total
-------------------------+-------+-------+-------+-------++-------
Melee: Flail             |   159 |   169 |   418 |   512 ||  1258
       Unarmed           |       |     6 |       |       ||     6
       Mace              |       |       |       |    38 ||    38
Throw: Tomahawk          |       |       |     7 |       ||     7
Invok: Burn Spellbooks   |       |       |     3 |     2 ||     5
Evoke: Wand              |       |     1 |     2 |       ||     3
  Use: Scroll            |       |       |    23 |     9 ||    32
       Potion            |       |       |     2 |       ||     2
  Eat: Chunk             |     3 |     5 |     8 |    10 ||    26
       Ration            |       |       |     2 |     2 ||     4
Armor: Scale mail        |    75 |    82 |   257 |    25 ||   439
       Skin              |       |     3 |       |       ||     3
       Plate armour      |       |       |       |   363 ||   363
Dodge: Dodged            |    49 |    48 |   136 |   124 ||   357
Block: Shield            |    78 |    77 |   242 |   389 ||   786
